cohdb
Replays
Latest Replays
All Replays
Popular Replays
Top Player Replays
Match Explorer
How It Works
Community
CoH3 Stats
Reddit
Sign in to upload your games and track your stats! →
Sign in with Steam
Match 44278236
Unlisted
Match 44278236
Overview
Messages
Build Orders
End
Vickers Machine Gun Team
Construct Section Command Post
Construct Section Command Post
Infantry Section
Infantry Section
Construct Field Infirmary
Selects Canadian Shock Battlegroup
Selects Attacking Spirit
Selects Canadian Shock Section
Canadian Shock Section
Construct Platoon Command Post
Selects Incendiary Munitions
Canadian Shock Section
Grenade Package
Infantry Training
Construct Company Command Post
Selects Pyrotechnics
CMP 15cwt Truck
Foot Guards Section
Selects Demolition Engineering
Demolition Engineering
Foot Guards Section
Selects Point Assault
Point Assault
Canadian Shock Section
Zendai
Serial Chiller
himekouzi
leão são marinho
Joraad
[100Ronin] Xoni
Waspinator
Alpha
0
0
Comments
sign in to comment!
No comments posted yet!